 Dungeon Crawl Stone Soup version 0.20.1-1-g8b1a95d (webtiles) character file.

124 JackS81 the Cudgeler (level 4, 0/36 HPs)
             Began as a Centaur Warper on Aug 22, 2017.
             Succumbed to an adder's poison
             ... on level 2 of the Dungeon.
             The game lasted 00:12:47 (2011 turns).

JackS81 the Cudgeler (Centaur Warper)               Turns: 2011, Time: 00:12:47

Health: 0/36       AC:  4    Str: 14    XL:     4   Next: 81%
Magic:  6/6        EV:  9    Int: 13    God:
Gold:   65         SH:  0    Dex:  8    Spells: 4/6 levels left

rFire    . . .     SeeInvis .   a - +0 mace
rCold    . . .     Gourm    .   (no shield)
rNeg     . . .     Faith    .   b - +0 leather armour
rPois    .         Spirit   .   (no helmet)
rElec    .         Reflect  .   (no cloak)
rCorr    .         Harm     .   (no gloves)
MR       .....                  (no barding)
Stlth    ..........             (no amulet)
Regen    0.2/turn               (no ring)
MPRegen  0.1/turn               (no ring)

@: lethally poisoned (0 -> -7), very quick
A: hooves 3, deformed body, speed 2, tough skin 3
a: no special abilities


You were on level 2 of the Dungeon.
You were hungry.

You visited 1 branch of the dungeon, and saw 3 of its levels.

You collected 65 gold pieces.

Inventory:

Hand Weapons
 a - a +0 mace (weapon)
Missiles
 i - 50 stones
 j - 26 sling bullets
 l - 18 bolts
 n - 2 javelins (quivered)
Armour
 b - a +0 leather armour (worn)
Scrolls
 d - a scroll of blinking
 e - 2 scrolls of teleportation {unknown}
 h - 2 scrolls of fear {unknown}
 k - a scroll of amnesia {unknown}
 o - a scroll of enchant weapon {unknown}
 p - a scroll of identify {unknown}
 q - a scroll of remove curse {unknown}
Books
 c - a book of Spatial Translocations

   Spells                             Type                      Level
   a - Blink                          Translocation                2
   b - Shroud of Golubria             Charms/Translocation         2
   c - Lesser Beckoning               Translocation                3
   d - Gell's Gravitas                Translocation                3
   e - Teleport Other                 Translocation                3
   f - Passage of Golubria            Translocation                4
Comestibles
 f - a bread ration
 g - a royal jelly
 m - 3 fruits


   Skills:
 - Level 2.0 Fighting
 + Level 4.1 Maces & Flails
 - Level 1.1 Throwing
 - Level 0.6 Armour
 - Level 1.3 Dodging
 - Level 1.5 Spellcasting
 * Level 3.3 Translocations


You had 4 spell levels left.
You knew the following spells:

 Your Spells              Type           Power        Failure   Level  Hunger
a - Blink                 Tloc           N/A          13%         2    ###....


Dungeon Overview and Level Annotations

Branches:
Dungeon (3/15)

Altars:
Gozag
Zin


Innate Abilities, Weirdness & Mutations

You have hooves in place of feet.
Armour fits poorly on your strangely shaped body.
You cover ground very quickly.
You have extremely tough skin. (AC +3)


Message History

* * * LOW HITPOINT WARNING * * *
You feel sick.
You aren't carrying any potions.
* * * LOW HITPOINT WARNING * * *
You feel sick.
* * * LOW HITPOINT WARNING * * *
You feel sick.
* * * LOW HITPOINT WARNING * * *
You feel sick.
* * * LOW HITPOINT WARNING * * *
You feel sick.
* * * LOW HITPOINT WARNING * * *
You feel sick.
* * * LOW HITPOINT WARNING * * *
You feel sick.
* * * LOW HITPOINT WARNING * * *
You feel sick.
* * * LOW HITPOINT WARNING * * *
You feel sick.
You die...

####### # #.....##############
#.....##..........##
#.>...##..........##
#..@..##..........##
#.....##..........##
#############.....##..........##
#..........##.............<...##
#..........##.................#.
#..........##......#............
#.............)................>
#..........#................<...
###############.......#######...


There were no monsters in sight!

Vanquished Creatures
  4 adders (D:2)
  2 oozes
  A worm (D:2)
  2 dart slugs (D:1)
  A leopard gecko (D:1)
  3 giant cockroaches
  10 goblins
  7 hobgoblins
  10 jackals
  7 kobolds
  9 bats
  2 frilled lizards (D:2)
  8 rats
66 creatures vanquished.

Notes
Turn   | Place    | Note
-------+----------+-------------------------------------------
     0 | D:1      | JackS81 the Centaur Warper began the quest for the Orb.
     0 | D:1      | Reached XP level 1. HP: 17/17 MP: 3/3
    53 | D:1      | Reached skill level 2 in Maces & Flails
   105 | D:1      | Reached XP level 2. HP: 22/24 MP: 4/4
   109 | D:1      | Learned a level 2 spell: Blink
   528 | D:1      | Reached XP level 3. HP: 18/29 MP: 5/5
   860 | D:1      | Reached skill level 3 in Maces & Flails
  1285 | D:2      | Reached XP level 4. HP: 34/36 MP: 6/6
  1589 | D:2      | Reached skill level 4 in Maces & Flails
  1851 | D:2      | Found a glowing silver altar of Zin.
  1851 | D:2      | Found an opulent altar of Gozag.
  2010 | D:2      | HP: 1/36 [poisoned by an adder]
  2011 | D:2      | Succumbed to an adder's poison

Skill      XL: |  1  2  3  4 |
---------------+-------------+-----
Maces & Flails | 2 3 4 |  4.1
Translocations | 3 |  3.3
Fighting       | |  2.0
Throwing       | |  1.1
Armour         | |  0.6
Dodging        | |  1.3
Spellcasting   | |  1.5

Action                   |  1- 3 |  4- 6 || total
-------------------------+-------+-------++-------
Melee: Mace              |   109 |    50 ||   159
       Kick              |    12 |     5 ||    17
Throw: Tomahawk          |     5 |       ||     5
       Stone             |    39 |    21 ||    60
       Javelin           |    14 |    14 ||    28
  Eat: Chunk             |       |     2 ||     2
Armor: Leather armour    |    59 |    25 ||    84
Dodge: Dodged            |    94 |    23 ||   117
